[Event "Team 45 45 League T43"]
[Site "Internet Chess Club"]
[Date "2009.11.01"]
[Round "1"]
[White "Paulkov"]
[Black "SneakyRed"]
[Result "1-0"]
[WhiteElo "1994"]
[BlackElo "1870"]
[Opening "Caro-Kann: classical variation"]
[ECO "B18"]
[Time "11:02:05"]
[TimeControl "2700+45"]

1. e4 c6 2. d4 d5 3. Nc3 dxe4 4. Nxe4 Bf5 5. Ng3 Bg6 6. Bc4 e6 7. N1e2 Bd6 8.
O-O Nd7 9. c3 Qc7 10. a4 a5 11. Re1 Ngf6 12. Bg5 h6 13. Bxf6 Nxf6 14. Bd3 Bxd3
15. Qxd3 O-O 16. Rad1 Rfd8 17. Nf1 c5 18. Qf3 Qb6 19. Rd2 Qb3 20. Ne3 b6 21. Ra1
e5 22. d5 e4 23. Qf5 Nxd5 24. Nxd5 e3 25. fxe3 Bf8 26. Rf1 Rd6 27. Qxf7+ Kh8 28.
Nef4 Rf6 29. Ng6+ Rxg6 30. Qxg6 Rd8 31. Nf6 {Black resigns} 1-0

[Event "Team 45 45 League T43"]
[Site "Internet Chess Club"]
[Date "2009.10.31"]
[Round "1"]
[White "Karpyan"]
[Black "MeoPatacca"]
[Result "1/2-1/2"]
[WhiteElo "1819"]
[BlackElo "1870"]
[Opening "QGD Slav: 3.Nf3"]
[ECO "D11"]
[Time "11:11:50"]
[TimeControl "2700+45"]

1. d4 d5 2. c4 c6 3. Nf3 Nf6 4. g3 Bf5 5. Qb3 Qb6 6. Nc3 Nbd7 7. Bg2 e6 8. O-O
Qxb3 9. axb3 Bc2 10. Nd2 Bd6 11. c5 Bc7 12. b4 O-O 13. e4 Nxe4 14. Ndxe4 Bxe4
15. Nxe4 dxe4 16. Bxe4 Nf6 17. Bg2 a6 18. Bd2 Rfd8 19. Bc3 Nd5 20. Rfe1 {Game
drawn by mutual agreement} 1/2-1/2

[Event "Team 45 45 League T43"]
[Site "Internet Chess Club"]
[Date "2009.11.01"]
[Round "1"]
[White "Warpdrive"]
[Black "Duguesclin"]
[Result "0-1"]
[WhiteElo "1634"]
[BlackElo "1714"]
[Opening "French: exchange variation"]
[ECO "C01"]
[Time "13:02:00"]
[TimeControl "2700+45"]

1. e4 e6 2. d4 d5 3. exd5 exd5 4. Nf3 Nc6 5. Be2 Nf6 6. O-O Be7 7. Re1 O-O 8. c3
Bf5 9. Bd3 Ne4 10. Bxe4 Bxe4 11. Nbd2 f5 12. Nxe4 fxe4 13. Ne5 Nxe5 14. dxe5 c6
15. Be3 Qc7 16. c4 Qxe5 17. cxd5 cxd5 18. Qb3 Kh8 19. Rad1 Rad8 20. Bd4 Qf5 21.
Re2 b6 22. Red2 Bc5 23. Qe3 Be7 24. Qb3 Qh5 25. Be3 Rf5 26. a3 Qf7 27. Rc2 Bf6
28. Rcd2 Bg5 29. Bxg5 Rxg5 30. Qe3 Qg6 31. f4 exf3 32. Qxf3 Rf5 33. Rxd5 Rfxd5
34. Rxd5 Qb1+ 35. Kf2 Re8 36. Qc3 Rf8+ 37. Ke3 Qg1+ 38. Kd3 Qxg2 39. Rf5 Rd8+
40. Ke3 Re8+ 41. Re5 Qh3+ 42. Ke4 Qg4+ 43. Kd5 Rd8+ {White resigns} 0-1

[Event "Team 45 45 League T43"]
[Site "Internet Chess Club"]
[Date "2009.10.31"]
[Round "1"]
[White "bondguy01"]
[Black "ILRE"]
[Result "1/2-1/2"]
[WhiteElo "1663"]
[BlackElo "1641"]
[Opening "English, 1...Nf6 (Anglo-Indian defense)"]
[ECO "A15"]
[Time "13:00:19"]
[TimeControl "2700+45"]

1. c4 Nf6 2. g3 g6 3. Bg2 Bg7 4. Nc3 O-O 5. d3 d6 6. Bg5 h6 7. Bd2 e5 8. e4 a5
9. Nge2 Na6 10. O-O Nc5 11. Qc2 Nh7 12. f4 exf4 13. d4 Ne6 14. d5 Nd4 15. Nxd4
Bxd4+ 16. Kh1 Be5 17. gxf4 Bd4 18. Qd3 Bg7 19. Rae1 Nf6 20. e5 Bf5 21. Ne4 dxe5
22. fxe5 Ng4 23. Rxf5 gxf5 24. Qg3 Bxe5 25. Bf4 Bxf4 26. Qxf4 Qh4 27. Qg3 Qxg3
28. Nxg3 Nf2+ 29. Kg1 Nd3 30. Re7 Rac8 31. Nxf5 h5 32. Re3 Nxb2 33. Ne7+ Kg7 34.
Nxc8 Rxc8 35. c5 Nc4 36. Re2 Na3 37. Rb2 Nc4 38. Rxb7 Kf6 39. Bh3 Rg8+ 40. Kf2
Rg5 41. d6 cxd6 42. c6 d5 43. c7 Nd6 44. c8=Q Nxc8 45. Bxc8 d4 46. Rd7 Rg8 47.
Ba6 Ke5 48. Rxf7 h4 49. Bd3 h3 50. Rf5+ Kd6 51. Rxa5 Rg2+ 52. Kf1 Rxh2 53. Be4
Rb2 54. a4 h2 55. Rh5 Ra2 56. a5 d3 57. Bxd3 h1=Q+ 58. Rxh1 Rxa5 59. Rh6+ Ke7
60. Ke2 Re5+ 61. Kf3 Ra5 62. Bc4 Rf5+ 63. Ke4 Rf6 64. Rh5 Rb6 65. Rg5 {Game
drawn by mutual agreement} 1/2-1/2

[Event "Team 45 45 League T43"]
[Site "Internet Chess Club"]
[Date "2009.11.01"]
[Round "1"]
[White "CHESSISTA1"]
[Black "charles-allen"]
[Result "1-0"]
[WhiteElo "1779"]
[BlackElo "1878"]
[Opening "Petrov: classical attack"]
[ECO "C42"]
[Time "20:22:20"]
[TimeControl "2700+45"]

1. e4 e5 2. Nf3 Nf6 3. Nxe5 d6 4. Nf3 Nxe4 5. d4 d5 6. Bd3 Be7 7. c4 Bf5 8. Qb3
Nc6 9. cxd5 Nb4 10. Bb5+ c6 11. dxc6 bxc6 12. Bc4 O-O 13. O-O Rb8 14. Qa4 Nd6
15. Bb3 Nb5 16. Nc3 a5 17. Bf4 Rb7 18. Be3 Nd3 19. Ne5 Nxb2 20. Nxc6 Nxa4 21.
Nxd8 Rxd8 22. Nxb5 Rxb5 23. Bxa4 Rb4 24. Bc6 Bf6 25. Bd2 Rbxd4 26. Bxa5 R8d6 27.
Rac1 Bg5 28. Rc5 g6 29. h3 Bd8 30. Bc3 Rd1 31. a4 Rxf1+ 32. Kxf1 Bd3+ 33. Kg1
Bf5 34. Rd5 Rxd5 35. Bxd5 Bd3 36. Bb7 Bb6 37. a5 Bc5 38. a6 Kf8 39. Bb4 {Black
resigns} 1-0

[Event "Team 45 45 League T43"]
[Site "Internet Chess Club"]
[Date "2009.10.30"]
[Round "1"]
[White "toolate"]
[Black "Magagna"]
[Result "1-0"]
[WhiteElo "1791"]
[BlackElo "1818"]
[Opening "Alekhine's defense"]
[ECO "B02"]
[Time "19:07:36"]
[TimeControl "2700+45"]

1. e4 Nf6 2. e5 Nd5 3. c4 Nb6 4. Nf3 Nc6 5. d4 d6 6. exd6 exd6 7. Be2 Bf5 8. O-O
Be7 9. Nc3 O-O 10. b3 Bf6 11. Bb2 a6 12. Re1 Re8 13. Qd2 Qd7 14. h3 h6 15. Nd1
Ne7 16. Ne3 Bh7 17. Ng4 Qf5 18. Nxf6+ Qxf6 19. d5 Qf5 20. g4 Qd7 21. Qd4 f6 22.
Bd3 Ng6 23. Bf5 Qd8 24. a3 Ne5 25. Bxh7+ Kxh7 26. Qe4+ Ng6 27. Qf5 Qd7 28. Re6
Rxe6 29. dxe6 Qe8 30. Nh4 Nc8 31. Re1 Ne7 32. Qe4 c6 33. f4 Kg8 34. Nf3 Rd8 35.
f5 Ne5 36. Nxe5 dxe5 37. Bc3 b6 38. Kf2 g6 39. Qe3 Kh7 40. Qxb6 gxf5 41. Qxa6
fxg4 42. hxg4 Qg6 43. Qb7 Qe8 44. Bb4 Rb8 45. Qxe7+ Qxe7 46. Bxe7 Rxb3 47. Ra1
Rc3 48. c5 h5 49. gxh5 f5 50. a4 Rc2+ 51. Kf3 Rb2 52. Bf6 Rb3+ 53. Ke2 Rb7 54.
Bxe5 Re7 55. Bd6 Rxe6+ 56. Kf3 Kh6 57. Kf4 Re8 58. Kxf5 Ra8 59. a5 Kh7 60. a6
Kg7 61. a7 Kh6 62. Bb8 {Black resigns} 1-0

[Event "Team 45 45 League T43"]
[Site "Internet Chess Club"]
[Date "2009.11.03"]
[Round "1"]
[White "jacknor"]
[Black "MidasMulligan"]
[Result "0-1"]
[WhiteElo "1586"]
[BlackElo "1626"]
[Opening "Sicilian: closed"]
[ECO "B23"]
[Time "09:00:12"]
[TimeControl "2700+45"]

1. e4 c5 2. Nc3 a6 3. f4 b5 4. d3 Bb7 5. Nf3 e6 6. g3 d5 7. Bg2 b4 8. Ne2 dxe4
9. dxe4 Qxd1+ 10. Kxd1 Bxe4 11. c3 Nc6 12. Be3 Nf6 13. Ke1 Be7 14. h3 O-O 15.
Rd1 Rad8 16. Kf2 Nd5 17. c4 Nxe3 18. Kxe3 Bf5 19. Nd2 Rd3+ 20. Kf2 Rfd8 21. Ke1
Nd4 22. Nxd4 R3xd4 23. Ke2 Bf6 24. Nb3 Rxc4 25. Rxd8+ Bxd8 26. Rd1 Be7 27. Rd7
Kf8 28. Ra7 g6 29. Rxa6 Rc2+ 30. Kf1 Rxb2 31. Ra8+ Kg7 32. Ra7 Bf8 33. Bc6 Bxh3+
34. Ke1 c4 35. Nd4 c3 36. Be8 c2 37. Nxc2 Rxc2 38. Bxf7 Kh6 39. Bg8 Bg7 40. Ra4
Rb2 41. Kd1 Bf5 42. Kc1 Rg2 43. Rxb4 Rxg3 44. a4 Rc3+ 45. Kb2 Rc8+ {White
resigns} 0-1

[Event "Team 45 45 League T43"]
[Site "Internet Chess Club"]
[Date "2009.10.31"]
[Round "1"]
[White "Portola"]
[Black "Ernie1"]
[Result "1-0"]
[WhiteElo "1857"]
[BlackElo "1580"]
[Opening "Queen's pawn"]
[ECO "A40"]
[Time "08:08:55"]
[TimeControl "2700+45"]

1. d4 c6 2. Nf3 d5 3. c3 Nf6 4. Bg5 Bf5 5. Nbd2 Nbd7 6. e3 e6 7. Be2 Be7 8. Nh4
Bg6 9. Nxg6 fxg6 10. Qc2 O-O 11. O-O e5 12. dxe5 Nxe5 13. h3 Ne4 14. Nxe4 Bxg5
15. Nxg5 Qxg5 16. f4 Qg3 17. fxe5 Qxe3+ 18. Kh1 Qxe5 19. Rxf8+ Rxf8 20. Bf3 Qg3
21. Qe2 h5 22. Rf1 Kh7 23. Kg1 Rf4 24. Qf2 Qg5 25. g3 h4 26. g4 Qf6 27. Kg2 g5
28. Qe3 a6 29. Be2 Qd6 30. Rxf4 gxf4 31. Qd3+ Kh6 32. Bf3 g5 33. Qf5 Qe7 34. Qc2
Kg7 35. Qe2 Qd6 36. Qd3 Qe7 37. Kf2 Qc5+ 38. Qd4+ Qxd4+ 39. cxd4 Kf6 40. a4 a5
41. Ke2 Ke6 42. Kd3 Kd6 43. Kc3 b6 44. b4 axb4+ 45. Kxb4 c5+ 46. dxc5+ bxc5+ 47.
Kb5 d4 48. a5 d3 49. a6 {Black resigns} 1-0

[Event "Team 45 45 League T43"]
[Site "Internet Chess Club"]
[Date "2009.10.31"]
[Round "1"]
[White "chsrules88"]
[Black "eurander"]
[Result "0-1"]
[WhiteElo "2036"]
[BlackElo "2231"]
[Opening "Caro-Kann: advance variation"]
[ECO "B12"]
[Time "14:00:13"]
[TimeControl "2700+45"]

1. e4 c6 2. d4 d5 3. e5 c5 4. c3 Nc6 5. h3 Bf5 6. Nf3 e6 7. Bd3 Nge7 8. O-O Bxd3
9. Qxd3 Nf5 10. Rd1 Be7 11. g4 Nh4 12. Nxh4 Bxh4 13. b3 h5 14. f4 hxg4 15. hxg4
Bf2+ 16. Kxf2 Rh2+ 17. Kg1 Qh4 18. Rd2 Rh1+ 19. Kg2 Rxc1 20. Qh3 Rg1+ 21. Kh2
Rh1+ {White resigns} 0-1

[Event "Team 45 45 League T43"]
[Site "Internet Chess Club"]
[Date "2009.11.01"]
[Round "1"]
[White "pestka"]
[Black "mcplayerus"]
[Result "1-0"]
[WhiteElo "2232"]
[BlackElo "2084"]
[Opening "Réti opening"]
[ECO "A30"]
[Time "15:31:21"]
[TimeControl "2700+45"]

1. Nf3 c5 2. c4 Nf6 3. Nc3 g6 4. d4 Bg7 5. e4 d6 6. Be2 O-O 7. O-O cxd4 8. Nxd4
Nc6 9. Be3 Bd7 10. Qd2 Nxd4 11. Bxd4 Bc6 12. f3 Nd7 13. Be3 Re8 14. b4 b6 15.
Rac1 Bb7 16. Rfd1 Nf6 17. Bf1 h5 18. Qf2 Qb8 19. c5 bxc5 20. bxc5 dxc5 21. Bxc5
Bh6 22. Rb1 Qc8 23. Nb5 Bxe4 24. Nxa7 Rxa7 25. Bxa7 Bxb1 26. Rxb1 Qf5 27. Rd1
Nd5 28. Bc4 e6 29. Bb3 Qe5 30. Bd4 Qf5 31. Re1 Bg7 32. Bxg7 Kxg7 33. Qd4+ Nf6
34. Rc1 e5 35. Qa7 Rf8 36. Re1 h4 37. Qe7 h3 38. Qxe5 Qd3 39. Qe3 Qd7 40. Rd1
Qf5 41. g4 Qb5 42. g5 Nh5 43. Rd5 Qa6 44. f4 Qa3 45. f5 Re8 46. Qxe8 Qc1+ 47.
Kf2 Qf4+ 48. Ke1 Qc1+ 49. Rd1 Qc3+ 50. Rd2 Qc1+ 51. Rd1 Qc3+ 52. Rd2 Qc1+ 53.
Ke2 Nf4+ 54. Kf3 Qf1+ 55. Rf2 Qd3+ 56. Qe3 {Black resigns} 1-0

[Event "Team 45 45 League T43"]
[Site "Internet Chess Club"]
[Date "2009.10.30"]
[Round "1"]
[White "AronT"]
[Black "awb"]
[Result "1-0"]
[WhiteElo "1961"]
[BlackElo "1751"]
[Opening "Nimzo-Indian: three knights variation"]
[ECO "E21"]
[Time "21:00:42"]
[TimeControl "2700+45"]

1. d4 Nf6 2. c4 e6 3. Nc3 Bb4 4. Nf3 O-O 5. Bg5 h6 6. Bh4 Nc6 7. e3 d6 8. Bd3 e5
9. d5 Nb8 10. e4 Nbd7 11. O-O Nc5 12. Qe2 Bg4 13. Nd1 Qd7 14. Bc2 Na6 15. a3 Bc5
16. b4 Bd4 17. Rb1 Nh5 18. Ne3 Nf4 19. Qd1 Bh5 20. Nf5 Bb6 21. Ba4 Bxf3 22. gxf3
c6 23. Kh1 Kh7 24. dxc6 bxc6 25. Qxd6 Qxd6 26. Nxd6 c5 27. Bc6 Rab8 28. Be7 Rg8
29. b5 Nc7 30. Nxf7 Nce6 31. Nxe5 Nd4 32. Nd7 Rbc8 33. Ne5 Bc7 34. Nd7 Nxf3 35.
Rfd1 Ne2 36. Rb2 Ned4 37. Bxc5 Nxc6 38. bxc6 Rge8 39. Bd6 Rxe4 40. Rb7 Bxd6 41.
Nf6+ {Black resigns} 1-0

[Event "Team 45 45 League T43"]
[Site "Internet Chess Club"]
[Date "2009.11.03"]
[Round "1"]
[White "tourettes"]
[Black "Goli"]
[Result "0-1"]
[WhiteElo "1577"]
[BlackElo "1847"]
[Opening "Robatsch (modern) defense"]
[ECO "B06"]
[Time "17:00:10"]
[TimeControl "2700+45"]

1. e4 g6 2. Nc3 Bg7 3. g3 d6 4. Bg2 Nf6 5. Nge2 O-O 6. O-O e5 7. h3 Nbd7 8. d3
h6 9. Be3 c6 10. Qd2 Kh7 11. f4 exf4 12. gxf4 Nh5 13. Bf2 Nc5 14. Nd1 Rg8 15.
Kh2 Ne6 16. c3 Nhxf4 17. Nxf4 Nxf4 18. d4 Qg5 19. Be3 Qxg2+ 20. Qxg2 Nxg2 21.
Kxg2 f5 22. Nf2 g5 23. exf5 Bxf5 24. Rae1 Rae8 25. Bd2 d5 26. Ng4 Rxe1 27. Rxe1
Be4+ 28. Kg1 Rf8 29. Nf2 Bg6 30. Re7 Rf7 31. Re6 Rf8 32. Re7 Re8 33. Rxe8 Bxe8
34. b4 Kg6 35. Kg2 Bd7 36. Nd3 b6 37. a4 Bf5 38. Nf2 Bf8 39. Kg3 Bd6+ 40. Kg2
Bc2 41. a5 bxa5 42. bxa5 a6 43. Kf3 h5 {White resigns} 0-1

[Event "Team 45 45 League T43"]
[Site "Internet Chess Club"]
[Date "2009.10.31"]
[Round "1"]
[White "vazir"]
[Black "Mentalist"]
[Result "1-0"]
[WhiteElo "1904"]
[BlackElo "2060"]
[Opening "Caro-Kann: Gurgenidze counter-attack"]
[ECO "B15"]
[Time "18:30:18"]
[TimeControl "2700+45"]

1. e4 c6 2. d4 d5 3. Nc3 b5 4. a3 e6 5. exd5 exd5 6. Bd3 Nf6 7. h3 Bd6 8. Nf3
O-O 9. O-O h6 10. Re1 Be6 11. Ne5 Qc8 12. Bf4 Nbd7 13. Ng6 Bxf4 14. Ne7+ Kh8 15.
Nxc8 Raxc8 16. Qf3 Bb8 17. Bf5 Bxf5 18. Qxf5 a5 19. b3 b4 20. axb4 axb4 21. Na4
g6 22. Qf3 Ne4 23. Qe3 Kg7 24. Nb2 f5 25. f3 f4 26. Qe2 Ng3 27. Qe7+ Rf7 28.
Qxb4 c5 29. dxc5 Rxc5 30. Qd4+ Kh7 31. Re8 g5 32. Qh8+ Kg6 33. Qg8+ Kf6 34. Ra6+
{Black resigns} 1-0

[Event "Team 45 45 League T42"]
[Site "Internet Chess Club"]
[Date "2009.10.29"]
[Round "1"]
[White "pebble767"]
[Black "vasek"]
[Result "1/2-1/2"]
[WhiteElo "2003"]
[BlackElo "1813"]
[Opening "QGD: Tarrasch, Prague variation, 9.Bg5"]
[ECO "D34"]
[Time "20:00:20"]
[TimeControl "2700+45"]

1. d4 d5 2. c4 e6 3. Nc3 c5 4. cxd5 exd5 5. Nf3 Nc6 6. g3 Nf6 7. Bg2 Be7 8. O-O
O-O 9. Bg5 cxd4 10. Nxd4 h6 11. Be3 Re8 12. Rc1 Be6 13. Qa4 Ne5 14. Rcd1 Nc4 15.
Bc1 Bc5 16. Qc2 Rc8 17. Nxe6 fxe6 18. Qg6 Kh8 19. Na4 Ne5 20. Qb1 b6 21. Bf4 Bd6
22. e4 Bb8 23. exd5 exd5 24. Qf5 g6 25. Qh3 h5 26. Nc3 d4 27. Ne4 Nxe4 28. Bxe4
Qf6 29. Rfe1 Ng4 30. Bf3 Ne5 31. Be4 Ng4 32. f3 Bxf4 33. gxf4 Ne3 34. Rc1 Rxc1
35. Rxc1 Qxf4 36. Rc8 Qg5+ 37. Kf2 Ng4+ 38. Qxg4 hxg4 39. Rxe8+ Kh7 40. Re6 Qe3+
41. Kg3 Qg1+ 42. Kh4 Qxh2+ 43. Kxg4 Qh5+ 44. Kf4 Qh4+ 45. Ke5 Qg5+ 46. Kxd4 Qd2+
47. Kc4 Qxb2 48. Rxg6 Qxa2+ 49. Kc3 Qa1+ 50. Kb3 Qd1+ 51. Ka3 Qc1+ 52. Kb4 Qe1+
53. Kc4 Qxe4+ 54. fxe4 Kxg6 55. Kd5 Kf6 56. Kd6 Kf7 57. Kd7 Kf6 58. Kd6 Kf7
{Game drawn by mutual agreement} 1/2-1/2

[Event "Team 45 45 League T42"]
[Site "Internet Chess Club"]
[Date "2009.10.29"]
[Round "1"]
[White "avila"]
[Black "Dan777"]
[Result "1/2-1/2"]
[WhiteElo "1780"]
[BlackElo "1829"]
[Opening "Scandinavian (center counter) defense"]
[ECO "B01"]
[Time "17:02:45"]
[TimeControl "2700+45"]

1. e4 d5 2. exd5 Qxd5 3. Nc3 Qa5 4. d4 Nf6 5. Bd3 Bg4 6. Be2 Bxe2 7. Qxe2 Nc6 8.
Nf3 g6 9. O-O Bg7 10. Be3 O-O 11. Nd2 Qf5 12. Nb3 Rfd8 13. Rad1 Nb4 14. Rd2 c6
15. a3 Nbd5 16. Nxd5 cxd5 17. Qd3 Qxd3 18. Rxd3 Rac8 {Game drawn by mutual
agreement} 1/2-1/2

[Event "Team 45 45 League T43"]
[Site "Internet Chess Club"]
[Date "2009.11.02"]
[Round "1"]
[White "penguinmasta"]
[Black "soccerisfun"]
[Result "0-1"]
[WhiteElo "1613"]
[BlackElo "1507"]
[Opening "QP counter-gambit: Maroczy gambit"]
[ECO "C40"]
[Time "19:00:15"]
[TimeControl "2700+45"]

1. e4 e5 2. Nf3 d5 3. exd5 Bd6 4. Bb5+ c6 5. dxc6 bxc6 6. Bc4 Nf6 7. d4 e4 8.
Nfd2 O-O 9. Nc3 Re8 10. Nb3 Bg4 11. Be2 Bf5 12. Be3 Nbd7 13. h3 Nb6 14. Qd2 Nbd5
15. Nxd5 Nxd5 16. O-O Nxe3 17. Qxe3 Qh4 18. g3 Qxh3 19. Rfe1 Re6 20. Bf1 Qh5 21.
Be2 Qh3 22. Bf1 Qh5 23. Bg2 Bg4 24. Bxe4 Rae8 25. Nd2 f5 26. d5 Rxe4 27. Nxe4
Rxe4 {White resigns} 0-1

[Event "Team 45 45 League T43"]
[Site "Internet Chess Club"]
[Date "2009.10.31"]
[Round "1"]
[White "eurander"]
[Black "ChatBanned"]
[Result "1-0"]
[WhiteElo "2223"]
[BlackElo "2330"]
[Opening "Sicilian: Alapin's variation (2.c3)"]
[ECO "B22"]
[Time "02:00:00"]
[TimeControl "2700+45"]

1. e4 c5 2. c3 e6 3. Nf3 d5 4. exd5 exd5 5. d4 Bd6 6. Be3 cxd4 7. Nxd4 Ne7 8.
Bd3 O-O 9. O-O Nbc6 10. Nd2 Ne5 11. Be2 Re8 12. h3 Nf5 13. Nxf5 Bxf5 14. Qb3
Bxh3 15. gxh3 Qh4 16. Qxd5 Re6 17. Rfd1 Qxh3 18. Bf1 Rg6+ 19. Bg2 Rd8 20. Kf1
Qh2 21. Qxb7 Rb8 22. Qd5 Rb5 23. Qxb5 Qxg2+ 24. Ke1 Qh1+ 25. Nf1 h5 26. Rxd6
Nf3+ 27. Ke2 Ng1+ 28. Kd3 Rxd6+ 29. Bd4 Qf3+ 30. Kc2 Ne2 31. Qb8+ {Black
resigns} 1-0

[Event "Team 45 45 League T43"]
[Site "Internet Chess Club"]
[Date "2009.11.01"]
[Round "1"]
[White "TimM"]
[Black "NFork"]
[Result "1-0"]
[WhiteElo "2226"]
[BlackElo "2200"]
[Opening "French: Tarrasch, open variation, main line"]
[ECO "C09"]
[Time "18:00:24"]
[TimeControl "2700+45"]

1. e4 e6 2. d4 d5 3. Nd2 c5 4. Ngf3 Nc6 5. exd5 exd5 6. Bb5 Bd6 7. dxc5 Bxc5 8.
O-O Ne7 9. Nb3 Bb6 10. Re1 O-O 11. Bg5 f6 12. Be3 Bxe3 13. Rxe3 a6 14. Be2 Qb6
15. Nfd4 Rd8 16. c3 Nf5 17. Nxf5 Bxf5 18. Bd3 d4 19. cxd4 Nxd4 20. Bxf5 Nxf5 21.
Rd3 Nd6 22. Qh5 Ne4 23. Re3 Ng5 24. Rae1 g6 25. Qg4 Rac8 26. h4 Nf7 27. Re6 Rc6
28. Re8+ Kg7 29. Rxd8 h5 30. Rg8+ Kxg8 31. Qxg6+ Kf8 32. Qxh5 Rc2 33. Qf5 Rxb2
34. Nc5 Qd6 35. Nd7+ Kg7 36. Qg4+ Kh7 37. Qf5+ Kg7 38. h5 Ne5 39. h6+ Kh8 40.
Nxf6 {Black resigns} 1-0

[Event "Team 45 45 League T43"]
[Site "Internet Chess Club"]
[Date "2009.10.30"]
[Round "1"]
[White "pentti63"]
[Black "Oops"]
[Result "1-0"]
[WhiteElo "2240"]
[BlackElo "2074"]
[Opening "Bogo-Indian defense, Grünfeld variation"]
[ECO "E11"]
[Time "12:00:18"]
[TimeControl "2700+45"]

1. d4 Nf6 2. c4 e6 3. Nf3 Bb4+ 4. Nbd2 b6 5. e3 Bb7 6. Bd3 h6 7. O-O Bxd2 8.
Bxd2 d6 9. b4 Nbd7 10. b5 a5 11. Bc1 Qe7 12. Ba3 e5 13. Nd2 O-O 14. Rc1 Rfd8 15.
Re1 Rac8 16. f4 Qe6 17. h3 Re8 18. Kf2 exd4 19. exd4 Qxe1+ 20. Qxe1 Rxe1 21.
Rxe1 Re8 22. Rxe8+ Nxe8 23. g4 Kf8 24. g5 h5 25. f5 Ke7 26. Kg3 Nf8 27. c5 g6
28. cxb6 cxb6 29. Nc4 gxf5 30. Nxb6 Ne6 31. Nc4 Nxd4 32. Nxa5 Bd5 33. Bb2 Nxb5
34. Bxb5 Bxa2 35. Bxe8 Kxe8 36. Nc6 Bb1 37. h4 d5 38. Kf4 Kd7 39. Nd4 Kd6 40.
Ba3+ Kd7 41. Ke5 Be4 42. Nxf5 Kc6 43. Ne7+ Kd7 44. Nxd5 Bg6 45. Nf4 {Black
resigns} 1-0

[Event "Team 45 45 League T42"]
[Site "Internet Chess Club"]
[Date "2009.10.29"]
[Round "1"]
[White "Uragon-bocho"]
[Black "Gil-galad"]
[Result "1/2-1/2"]
[WhiteElo "2035"]
[BlackElo "2113"]
[Opening "French defense"]
[ECO "C00"]
[Time "15:00:20"]
[TimeControl "2700+45"]

1. e4 e6 2. Nf3 d5 3. exd5 exd5 4. d4 Nc6 5. Bd3 Bd6 6. O-O Bg4 7. Re1+ Nge7 8.
c3 Qd7 9. b4 f6 10. Na3 a6 11. b5 axb5 12. Nxb5 O-O 13. a4 Rfe8 14. Nxd6 Qxd6
15. h3 Bf5 16. Ba3 Qd7 17. Bxe7 Nxe7 18. Bxf5 Nxf5 19. Rxe8+ Qxe8 {Game drawn by
mutual agreement} 1/2-1/2

[Event "Team 45 45 League T43"]
[Site "Internet Chess Club"]
[Date "2009.11.02"]
[Round "1"]
[White "Uwak"]
[Black "freestyle"]
[Result "1-0"]
[WhiteElo "2359"]
[BlackElo "2349"]
[Opening "Sicilian: dragon, Yugoslav attack, Rauser variation"]
[ECO "B76"]
[Time "21:05:16"]
[TimeControl "2700+45"]

1. e4 c5 2. Nf3 d6 3. d4 cxd4 4. Nxd4 Nf6 5. Nc3 g6 6. Be3 Bg7 7. f3 Nc6 8. Qd2
O-O 9. O-O-O d5 10. Kb1 Nxd4 11. e5 Nxf3 12. gxf3 Nh5 13. Nxd5 Be6 14. f4 Bxd5
15. Qxd5 Qxd5 16. Rxd5 Bh6 17. Be2 Bxf4 18. Bc5 Ng7 19. Bxe7 Rfe8 20. Bf6 Nf5
21. Bb5 Ne3 22. Rd3 Rec8 23. Bd7 Rc7 24. h4 Nc4 25. e6 Be5 26. Bg5 f6 27. Bc1
Nb6 28. Rhd1 Nxd7 29. Rxd7 Re8 30. Rxc7 Bxc7 31. Rd7 Bb6 32. Bh6 Rxe6 33. c4 Bc5
34. Rg7+ Kh8 35. Rxb7 Re8 36. Bg7+ Kg8 37. Bxf6 Bb6 38. Rg7+ Kf8 39. Rxh7 Re4
40. b3 Re1+ 41. Kc2 Re2+ 42. Kd3 Rxa2 43. b4 Ra3+ 44. Ke4 Ra4 45. Kd5 Rxb4 46.
Ke6 {Black resigns} 1-0

[Event "Team 45 45 League T43"]
[Site "Internet Chess Club"]
[Date "2009.11.01"]
[Round "1"]
[White "egyptiantiger"]
[Black "searchforbobby1"]
[Result "1-0"]
[WhiteElo "2155"]
[BlackElo "2217"]
[Opening "QGD: exchange, positional line"]
[ECO "D35"]
[Time "19:10:10"]
[TimeControl "2700+45"]

1. d4 d5 2. c4 e6 3. Nc3 Nf6 4. cxd5 exd5 5. Bg5 Be7 6. e3 c6 7. Bd3 Nbd7 8.
Nge2 O-O 9. O-O Re8 10. Qc2 Nf8 11. Rad1 Ng6 12. h3 Nh5 13. Bxe7 Qxe7 14. a3 Qh4
15. Bf5 Qg5 16. Bxc8 Raxc8 17. Kh2 f5 18. Ng1 Nf6 19. Nf3 Qh5 20. Ne2 Ne4 21.
Nf4 Qh6 22. g3 Re7 23. Nxd5 Rf7 24. Nf4 Ne7 25. Ne5 g5 26. Nxf7 Kxf7 27. Qb3+
Kg7 28. Qxb7 Re8 29. Qd7 Kf8 30. Ne6+ Kf7 31. Nd8+ Kf8 32. Ne6+ Kf7 33. Nd8+ Kf8
34. Qe6 Rxd8 35. Qxh6+ {Black resigns} 1-0

[Event "Team 45 45 League T43"]
[Site "Internet Chess Club"]
[Date "2009.11.03"]
[Round "1"]
[White "nardz"]
[Black "Zornorph"]
[Result "1-0"]
[WhiteElo "2061"]
[BlackElo "2077"]
[Opening "Trompowsky attack (Ruth, Opocenský opening)"]
[ECO "A45"]
[Time "10:07:10"]
[TimeControl "2700+45"]

1. d4 Nf6 2. Bg5 c5 3. Bxf6 gxf6 4. d5 Qb6 5. Qc1 Na6 6. g3 Bh6 7. e3 f5 8. Bg2
Bg7 9. c3 Nc7 10. Ne2 c4 11. O-O Qc5 12. Nd4 d6 13. Qc2 Bf6 14. Nxf5 Nxd5 15.
Rd1 Nc7 16. e4 Rb8 17. b4 cxb3 18. axb3 Bd7 19. b4 Qb6 20. Na3 Nb5 21. Nxb5 Bxb5
22. Ra3 Rc8 23. Qd2 a6 24. Qh6 Bd7 25. Nxd6+ exd6 26. Qxf6 Rg8 27. Rxd6 Rc6 28.
e5 Rxd6 29. exd6 {Black resigns} 1-0

[Event "Team 45 45 League T43"]
[Site "Internet Chess Club"]
[Date "2009.11.02"]
[Round "1"]
[White "Scotty2Cues"]
[Black "PaulKaspar"]
[Result "1/2-1/2"]
[WhiteElo "1953"]
[BlackElo "1895"]
[Opening "Caro-Kann: Tartakower (fantasy) variation"]
[ECO "B12"]
[Time "16:02:35"]
[TimeControl "2700+45"]

1. e4 c6 2. d4 d5 3. f3 dxe4 4. fxe4 Nf6 5. Nf3 Nxe4 6. Bc4 Nd6 7. Bb3 Bg4 8.
O-O e6 9. Qe1 Nd7 10. c4 Be7 11. Nc3 O-O 12. Bf4 Nf6 13. Rd1 Bxf3 14. Rxf3 Nf5
15. Be3 Nxe3 16. Qxe3 Qc7 17. Bc2 Ng4 18. Rh3 Nxe3 19. Bxh7+ {Game drawn by
mutual agreement} 1/2-1/2

[Event "Team 45 45 League T43"]
[Site "Internet Chess Club"]
[Date "2009.11.01"]
[Round "1"]
[White "iasonmessinis"]
[Black "Kolibri"]
[Result "1/2-1/2"]
[WhiteElo "2059"]
[BlackElo "2104"]
[Opening "QGD: 4.Nf3"]
[ECO "D37"]
[Time "14:02:36"]
[TimeControl "2700+45"]

1. d4 Nf6 2. c4 e6 3. Nf3 d5 4. Nc3 Be7 5. cxd5 exd5 6. Bg5 O-O 7. e3 c6 8. Bd3
h6 9. Bh4 Be6 10. Qc2 Nbd7 11. O-O Rc8 12. h3 Re8 13. Bg3 a6 14. Rac1 c5 15. a4
Nb8 16. dxc5 Bxc5 17. Rfd1 Bd6 18. Bxd6 Qxd6 19. Qb3 Qe7 20. Nd4 Nc6 21. Nce2
Qb4 22. Nf4 Qxb3 23. Nxb3 Nb4 24. Bb1 Rxc1 25. Rxc1 Rc8 26. Nxe6 Rxc1+ 27. Nxc1
fxe6 28. Nd3 Nxd3 29. Bxd3 a5 30. Kf1 Kf7 31. Ke2 Ke7 32. Kd2 Kd6 33. Kc3 Kc5
34. f4 Ne8 35. g4 Nd6 36. h4 Ne8 37. Bg6 Nd6 38. b3 b6 39. Kd3 Nc8 40. e4 dxe4+
41. Kxe4 Kd6 42. Kd4 Ke7 43. Bc2 Nd6 44. Be4 Nf7 45. Kc4 Nd6+ 46. Kd4 Nf7 47.
Bd3 Kd6 48. Bg6 Nd8 49. Be4 Nf7 50. Kc4 Kc7 51. g5 Nd6+ 52. Kd4 Kd7 53. h5 Ke7
54. Bg6 Kd7 55. Ke5 Ke7 56. f5 exf5 57. gxh6 gxh6 58. Bxf5 Nxf5 59. Kxf5 Kf7 60.
Ke5 Ke7 61. Kd5 Kd7 62. Kc4 Kc6 63. b4 axb4 64. Kxb4 Kd6 65. Kb5 Kc7 66. Kc4 Kc6
67. Kb4 Kd6 68. Kc4 Kc6 69. Kb4 {Game drawn by repetition} 1/2-1/2